[Event "Titled Tuesday Blitz November 14 Late 2023"]
[White "Ramadoss, Ashokkumar"]
[Black "Toncheva, Nadya"]
[WhiteFideId "5040990"]
[BlackFideId "2924056"]
[WhiteElo "2327"]
[BlackElo "2561"]
[Result "1/2-1/2"]
[Round "3"]
[TimeControl "180+1"]
[Date "2023.11.14"]
[WhiteClock "0:00:10"]
[BlackClock "0:00:08"]
[Board "145"]

1. Nf3 g6 2. c4 c5 3. Nc3 Nc6 4. d4 cxd4 5. Nxd4 Nf6 6. e4 d6 7. Be2 Bg7 8. Be3 O-O 9. O-O Bd7 10. Qd2 Nxd4 11. Bxd4 Bc6 12. f3 a5 13. b3 Nd7 14. Be3 Nc5 15. Rab1 Qb6 16. Rfc1 Rfc8 17. Kh1 Qd8 18. Rd1 h5 19. Qe1 Kh7 20. Bxc5 Qh8 21. Be3 Bxc3 22. Bd2 Bxd2 23. Qxd2 Qe5 24. Qd4 Qxd4 25. Rxd4 h4 26. Kg1 g5 27. Kf2 Kg7 28. Ke3 Kf6 29. Rc1 Bd7 30. Rd5 Be6 31. Rdd1 Rc6 32. g3 hxg3 33. hxg3 Rac8 34. Kd2 Rb6 35. f4 a4 36. Kc3 axb3 37. axb3 Ra6 38. Ra1 Rca8 39. Kb2 Rxa1 40. Rxa1 Rxa1 41. Kxa1 b6 42. Kb2 Bd7 43. Kc3 gxf4 44. gxf4 e5 45. f5 Kg5 46. Kd3 Kf4 47. Bf1 f6 48. Bg2 Bc6 49. Bh1 b5 50. cxb5 Bxb5+ 51. Kc3 Be2 52. b4 Kg3 53. Kd2 Bb5 54. Ke3 Kh4 55. Bf3 Kg5 56. Be2 Bc6 57. Bc4 d5 58. Bxd5 Bb5 59. Kd2 Kf4 60. Kc3 Ke3 61. Bc4 Bc6 62. Bd5 Bb5 63. Bc4 Bc6 64. Bd5 Bb5 1/2-1/2


[Site "https://www.chess.com"]

[Event "Titled Tuesday Blitz November 14 Late 2023"]
[White "elmusmolamas"]
[Black "Bazzano, Sebastian"]
[BlackFideId "104566"]
[WhiteElo "2503"]
[BlackElo "2314"]
[Result "1-0"]
[Round "3"]
[TimeControl "180+1"]
[Date "2023.11.14"]
[WhiteClock "0:01:36"]
[BlackClock "0:00:12"]
[Board "146"]

1. e4 e6 2. d4 d5 3. Bd3 c5 4. c3 Nc6 5. Nf3 dxe4 6. Bxe4 Nf6 7. Bc2 cxd4 8. cxd4 Bb4+ 9. Nc3 O-O 10. O-O b6 11. Bg5 Bb7 12. Re1 Be7 13. Qd3 Nb4 14. Qd1 Nxc2 15. Qxc2 Bxf3 16. gxf3 Nd5 17. Bd2 Bb4 18. Rad1 Rc8 19. Qd3 Bxc3 20. bxc3 Qf6 21. c4 Nf4 22. Bxf4 Qxf4 23. Re4 Qc7 24. d5 exd5 25. cxd5 Rfd8 26. d6 Qc2 27. Qxc2 Rxc2 28. d7 Kf8 29. Rde1 1-0


[Site "https://www.chess.com"]

[Event "Titled Tuesday Blitz November 14 Late 2023"]
[White "Gasparyan, David"]
[Black "Romero Ruscalleda, Josep"]
[WhiteFideId "13311980"]
[BlackFideId "2231859"]
[WhiteElo "2501"]
[BlackElo "2309"]
[Result "0-1"]
[Round "3"]
[TimeControl "180+1"]
[Date "2023.11.14"]
[WhiteClock "0:00:38"]
[BlackClock "0:00:30"]
[Board "147"]

1. e4 g6 2. Nf3 Bg7 3. c3 d6 4. d4 Nf6 5. Bd3 O-O 6. O-O b6 7. Re1 Nc6 8. a4 e5 9. d5 Ne7 10. a5 c6 11. c4 bxa5 12. Qa4 cxd5 13. cxd5 Bd7 14. Qxa5 Nh5 15. Bg5 f6 16. Be3 f5 17. Qxd8 Rfxd8 18. Nc3 a5 19. Bb6 Rdb8 20. Bc7 Rxb2 21. Bxd6 fxe4 22. Bxe4 Nf5 23. Ba3 Rb3 24. Rec1 Rc8 25. Ne2 Rxc1+ 26. Nxc1 Rb8 27. Nd3 Nf6 28. Bxf5 Bxf5 29. Ndxe5 Nxd5 30. h3 Be4 31. Re1 Rb1 32. Nc6 Rxe1+ 33. Nxe1 Bc3 34. Nf3 Nb4 35. Nxa5 Nc2 36. Nc4 Nxa3 37. Nxa3 Bd3 38. Ng5 Bb4 39. g4 Bxa3 40. Kg2 Bc1 41. Ne6 Kf7 42. Nc5 Bc2 43. Kf3 Ba3 44. Nd7 Ke6 45. Nb6 Bb3 46. Ke4 Bc5 47. Nc8 Kd7 48. Ke5 Kxc8 49. Kf6 Bd4+ 50. Kg5 Bxf2 51. Kh6 Bh4 52. Kxh7 g5 53. Kg6 Bc4 54. Kf5 Bf1 55. Ke4 Bxh3 56. Kf3 Kd7 57. Ke4 Bxg4 58. Ke3 Bf5 59. Ke2 Ke6 60. Kf3 Ke5 61. Kg2 Kf4 62. Kh2 Kg4 63. Kg1 Kg3 64. Kh1 g4 65. Kg1 Bg5 66. Kh1 Bd2 67. Kg1 Bd3 68. Kh1 Kf2 69. Kh2 Bf4+ 70. Kh1 Be4# 0-1


[Site "https://www.chess.com"]

[Event "Titled Tuesday Blitz November 14 Late 2023"]
[White "Ardila, Oscar Humberto"]
[Black "Urbina Perez, Juan Antonio"]
[WhiteFideId "4404742"]
[BlackFideId "2217368"]
[WhiteElo "2304"]
[BlackElo "2493"]
[Result "0-1"]
[Round "3"]
[TimeControl "180+1"]
[Date "2023.11.14"]
[WhiteClock "0:00:07"]
[BlackClock "0:01:00"]
[Board "148"]

1. d4 Nf6 2. c4 d6 3. Nc3 e5 4. Nf3 e4 5. Nd2 e3 6. fxe3 g6 7. Nf3 Bf5 8. g3 Bg7 9. Bg2 O-O 10. O-O c5 11. Nh4 Bc8 12. dxc5 dxc5 13. Qxd8 Rxd8 14. e4 Re8 15. Be3 Na6 16. Rad1 Nd7 17. Nb5 Ne5 18. Nd6 Rd8 19. Bg5 Rd7 20. Bh3 Rxd6 21. Rxd6 Bxh3 22. Rfd1 h6 23. Rd8+ Rxd8 24. Rxd8+ Kh7 25. Be7 Nxc4 26. Nf3 Nxb2 27. e5 Nc4 28. Bf6 Nc7 29. Rb8 Na5 30. Kf2 Nd5 31. Bxg7 Kxg7 32. Rd8 Be6 33. a4 Nc6 34. Ra8 c4 35. Ke1 c3 36. Kd1 Ne3+ 37. Kc1 g5 38. h4 g4 39. Ne1 Nd4 40. Rxa7 Nxe2+ 41. Kb1 Bf5+ 42. Ka2 Be6+ 43. Kb1 c2+ 44. Kb2 c1=Q# 0-1


[Site "https://www.chess.com"]

[Event "Titled Tuesday Blitz November 14 Late 2023"]
[White "Ballester Llagaria, Luis Eduardo"]
[Black "GAO"]
[WhiteFideId "2297620"]
[WhiteElo "2491"]
[BlackElo "2301"]
[Result "1-0"]
[Round "3"]
[TimeControl "180+1"]
[Date "2023.11.14"]
[WhiteClock "0:01:45"]
[BlackClock "0:00:50"]
[Board "149"]

1. e4 c5 2. Nc3 Nc6 3. Bb5 g6 4. Bxc6 dxc6 5. f4 Bg7 6. Nf3 Bg4 7. O-O e5 8. d3 Ne7 9. h3 Bxf3 10. Qxf3 O-O 11. f5 f6 12. Be3 b6 13. a4 gxf5 14. exf5 Nd5 15. Ne4 Kh8 16. g4 Rg8 17. Kh2 Qf8 18. c4 Nb4 19. Bd2 Bh6 20. Bxb4 Bf4+ 21. Qxf4 exf4 22. Bc3 h6 23. Nxf6 Qf7 24. Rae1 Rgd8 25. Nd5+ Kg8 26. Nxf4 Re8 27. Re6 Rad8 28. Rfe1 Rxe6 29. Rxe6 Rxd3 30. Nxd3 Qc7+ 31. Ne5 Qd7 32. Nxd7 1-0


[Site "https://www.chess.com"]

[Event "Titled Tuesday Blitz November 14 Late 2023"]
[White "Minina, Veronika"]
[Black "Cruz Mendez, Jean Marco"]
[WhiteFideId "4174780"]
[BlackFideId "3526402"]
[WhiteElo "2294"]
[BlackElo "2466"]
[Result "0-1"]
[Round "3"]
[TimeControl "180+1"]
[Date "2023.11.14"]
[WhiteClock "0:00:02"]
[BlackClock "0:01:21"]
[Board "150"]

1. Nf3 Nf6 2. g3 b6 3. Bg2 Bb7 4. c4 e6 5. O-O Be7 6. b3 O-O 7. Bb2 d6 8. d3 Nbd7 9. Nbd2 Re8 10. b4 a5 11. b5 e5 12. Qc2 Bf8 13. e4 Nc5 14. Nh4 Ne6 15. f4 Ng4 16. f5 Ne3 17. Qc1 Nxf1 18. fxe6 Nxd2 19. exf7+ Kxf7 20. Qxd2 Be7 21. Nf5 Bf6 22. Rf1 Kg8 23. Qe2 Bc8 24. Ne3 Be6 25. Bc1 Rf8 26. Nf5 Bg5 27. g4 Bxc1 28. Rxc1 Qg5 29. Rf1 g6 30. h4 Qd8 31. Nh6+ Kg7 32. g5 Rxf1+ 33. Bxf1 Qe7 34. Kh2 Rf8 35. Bh3 Bxh3 36. Kxh3 Qe6+ 37. Kg2 Rf4 38. Qe1 Qe7 39. a4 Qf8 40. Qe2 Rxh4 41. Ng4 Qf4 42. Nf6 Qxg5+ 0-1


[Site "https://www.chess.com"]

[Event "Titled Tuesday Blitz November 14 Late 2023"]
[White "Quirke, Jeffrey"]
[Black "Willy, Stephen"]
[WhiteFideId "2013029"]
[BlackFideId "30981468"]
[WhiteElo "2281"]
[BlackElo "2462"]
[Result "1/2-1/2"]
[Round "3"]
[TimeControl "180+1"]
[Date "2023.11.14"]
[WhiteClock "0:00:07"]
[BlackClock "0:00:13"]
[Board "151"]

1. e4 d5 2. exd5 Nf6 3. Bb5+ Bd7 4. Bc4 Bg4 5. f3 Bf5 6. Nc3 c6 7. dxc6 Nxc6 8. d3 e6 9. Nge2 Bc5 10. Na4 Bd6 11. O-O Qc7 12. Ng3 Bxg3 13. hxg3 Qxg3 14. Qe1 Qxe1 15. Rxe1 Nd4 16. Bb3 Rc8 17. Nc3 O-O 18. Be3 Rfd8 19. Bxd4 Rxd4 20. Nb5 Rb4 21. Nd6 Rc5 22. c3 Rb6 23. d4 Rc7 24. Nxf5 exf5 25. Re5 g6 26. Rae1 Rd6 27. Re7 Rdd7 28. Rxd7 Rxd7 29. Re5 Kf8 30. Kf2 Re7 31. Rxe7 Kxe7 32. c4 h5 33. Ke3 h4 34. Kf4 Nh7 35. c5 Kf6 36. Bc4 g5+ 37. Ke3 Nf8 38. b4 Ng6 39. b5 Ne7 40. a4 g4 41. a5 h3 42. gxh3 gxh3 43. Kf2 f4 44. b6 axb6 45. cxb6 Nc6 46. a6 bxa6 47. Bxa6 Nxd4 48. Bc8 Nc6 49. Bxh3 Ke5 50. Bg4 Kd6 51. Bh5 f6 52. Ke2 Kc5 53. Kd3 Kxb6 54. Ke4 Kc5 55. Kxf4 Kd6 56. Kf5 Ke7 57. Kf4 Ne5 58. Kg3 Ke6 59. Bg4+ f5 60. Bxf5+ Kxf5 61. f4 Ng6 62. Kf3 Nxf4 1/2-1/2


[Site "https://www.chess.com"]

[Event "Titled Tuesday Blitz November 14 Late 2023"]
[White "Senft, Sean"]
[Black "Grossboss19"]
[WhiteFideId "2044960"]
[WhiteElo "2279"]
[BlackElo "2449"]
[Result "0-1"]
[Round "3"]
[TimeControl "180+1"]
[Date "2023.11.14"]
[WhiteClock "0:00:00"]
[BlackClock "0:01:08"]
[Board "152"]

1. d4 Nf6 2. c4 e6 3. Nc3 Bb4 4. Nf3 O-O 5. Bg5 h6 6. Bh4 c5 7. e3 Qa5 8. Bxf6 Bxc3+ 9. bxc3 Qxc3+ 10. Nd2 gxf6 11. Rc1 Qa5 12. Qg4+ Kh8 13. Qh4 Kg7 14. Qg4+ Kh7 15. Bd3+ f5 16. h4 Qa3 17. Bxf5+ exf5 18. Qxf5+ Kg7 19. Qe5+ f6 20. Qg3+ Kh7 21. O-O cxd4 22. Ne4 Qe7 23. Qf3 Nc6 24. Qf5+ Kg7 25. h5 Ne5 26. f4 d5 0-1


[Site "https://www.chess.com"]

[Event "Titled Tuesday Blitz November 14 Late 2023"]
[White "Clawitter, Craig"]
[Black "Weisz, Bryan"]
[WhiteFideId "2023105"]
[BlackFideId "30934133"]
[WhiteElo "2271"]
[BlackElo "2439"]
[Result "1-0"]
[Round "3"]
[TimeControl "180+1"]
[Date "2023.11.14"]
[WhiteClock "0:00:03"]
[BlackClock "0:00:01"]
[Board "153"]

1. e4 c5 2. Nf3 d6 3. d4 cxd4 4. Nxd4 Bd7 5. Nc3 Bc6 6. Be3 Nf6 7. f3 e5 8. Nf5 d5 9. exd5 Nxd5 10. Nxd5 Qxd5 11. Qxd5 Bxd5 12. O-O-O Be6 13. Nd6+ Bxd6 14. Rxd6 O-O 15. Bb5 a6 16. Ba4 b5 17. Bb3 Bxb3 18. axb3 Rc8 19. Rhd1 Nc6 20. Kb1 f6 21. Rd7 Rd8 22. Bb6 Rxd7 23. Rxd7 Rc8 24. c3 b4 25. Rc7 Rxc7 26. Bxc7 bxc3 27. bxc3 Kf7 28. b4 Ke6 29. Kc2 f5 30. Kd3 g5 31. Bb6 h5 32. Be3 g4 33. Bc5 h4 34. fxg4 fxg4 35. Ke4 Nd8 36. c4 Nb7 37. Bf2 Nd6+ 38. Kd3 h3 39. gxh3 gxh3 40. Bc5 Nf5 41. b5 axb5 42. cxb5 Kd5 43. Bf2 e4+ 44. Ke2 Nd6 45. b6 Kc6 46. Ke3 Kd5 47. Kf4 Kc4 48. Kg3 Kd3 49. Kxh3 Ke2 50. Kg3 Nf5+ 51. Kg2 Nd6 52. Bg3 Nb7 53. Bc7 e3 54. h4 Kd2 55. Bf4 Kd3 56. h5 e2 57. Bg3 Nc5 58. h6 Ne4 59. Be1 Kc2 60. Kf3 Kd1 61. Kxe4 Kxe1 62. h7 Kf2 63. h8=Q e1=Q+ 64. Kd5 Qb4 65. Qd4+ Qxd4+ 66. Kxd4 1-0


[Site "https://www.chess.com"]

[Event "Titled Tuesday Blitz November 14 Late 2023"]
[White "Yeritsyan, Hayk"]
[Black "ilya2700"]
[WhiteFideId "13307320"]
[WhiteElo "2417"]
[BlackElo "2265"]
[Result "1-0"]
[Round "3"]
[TimeControl "180+1"]
[Date "2023.11.14"]
[WhiteClock "0:01:35"]
[BlackClock "0:00:07"]
[Board "154"]

1. d4 Nf6 2. Nf3 g6 3. Bf4 Bg7 4. h3 O-O 5. e3 d5 6. c3 b6 7. Be2 Bb7 8. O-O Nbd7 9. Bh2 Ne4 10. Nbd2 Ndf6 11. Nxe4 Nxe4 12. Nd2 Nxd2 13. Qxd2 Re8 14. Rac1 e5 15. Bf3 c5 16. Rfd1 e4 17. Be2 cxd4 18. cxd4 Qd7 19. Rc7 Qxc7 20. Bxc7 Rac8 21. Rc1 Bf8 22. Bg3 h5 23. Rc3 f6 24. Qc2 Bb4 25. Rxc8 Rxc8 26. Qa4 Bf8 27. Qd7 Rc1+ 28. Kh2 Bc8 29. Qxd5+ Kh7 30. Qxe4 a5 31. Bd3 f5 32. Qe8 Bg7 33. Qf7 Kh8 34. Be5 Bxe5+ 35. dxe5 a4 36. e6 Bxe6 37. Qxe6 Kg7 38. Qxb6 h4 39. Qd4+ Kh7 40. Qxh4+ Kg7 41. Qxa4 f4 42. Qxf4 Kh7 43. Qg5 Kh8 44. Qh6+ Kg8 45. Qxg6+ Kf8 46. Qf6+ Kg8 47. Bf5 Rh1+ 48. Kg3 Rg1 49. Qg6+ Kf8 50. Kf4 Rc1 51. Qf6+ Kg8 52. Be6+ Kh7 53. e4 Rc7 54. Qf7+ Kh8 55. Qg8# 1-0


[Site "https://www.chess.com"]

[Event "Titled Tuesday Blitz November 14 Late 2023"]
[White "Dodaro, Mattia"]
[Black "Su, Dion"]
[WhiteFideId "28583400"]
[BlackFideId "2029731"]
[WhiteElo "2239"]
[BlackElo "2415"]
[Result "1-0"]
[Round "3"]
[TimeControl "180+1"]
[Date "2023.11.14"]
[WhiteClock "0:00:51"]
[BlackClock "0:00:11"]
[Board "155"]

1. Nc3 e6 2. d3 d5 3. g3 Nf6 4. Bg2 Be7 5. Nf3 O-O 6. O-O c5 7. Re1 d4 8. Nb1 Nc6 9. e4 e5 10. a4 Bd7 11. Nbd2 Qc8 12. Nc4 Qc7 13. Nfxe5 Nxe5 14. Bf4 Bd6 15. Bxe5 Bxe5 16. f4 Ng4 17. h3 Ne3 18. Rxe3 dxe3 19. Nxe5 f6 20. Nxd7 Qxd7 21. Qe2 b5 22. a5 Qd4 23. c3 Qd7 24. Qxe3 Rad8 25. Rd1 c4 26. d4 Qc7 27. Ra1 Rd6 28. e5 Ra6 29. e6 Rxa5 30. Rxa5 Qxa5 31. e7 Re8 32. Qe6+ Kh8 33. Qf7 Rxe7 34. Qf8# 1-0


[Site "https://www.chess.com"]

[Event "Titled Tuesday Blitz November 14 Late 2023"]
[White "PapaieDudu"]
[Black "Golubenko, Valentina"]
[BlackFideId "4501993"]
[WhiteElo "2411"]
[BlackElo "2214"]
[Result "0-1"]
[Round "3"]
[TimeControl "180+1"]
[Date "2023.11.14"]
[WhiteClock "0:00:00"]
[BlackClock "0:00:18"]
[Board "156"]

1. Nf3 Nf6 2. d4 c5 3. dxc5 g6 4. Nc3 Bg7 5. e4 O-O 6. Bc4 Na6 7. O-O Nxc5 8. Re1 d6 9. h3 a6 10. a4 Bd7 11. a5 b5 12. axb6 Qxb6 13. e5 dxe5 14. Nxe5 Rfd8 15. Nxf7 Be6 16. Nxd8 Bxc4 17. Be3 Nfd7 18. Na4 Qd6 19. Qxd6 exd6 20. Nc6 Nxa4 21. Rxa4 Bb5 22. Ne7+ Kf7 23. Re4 Nf6 24. c4 Nxe4 25. cxb5 axb5 26. Nd5 Bxb2 27. Rb1 Ra1 28. Rxa1 Bxa1 29. f3 Nc3 30. Nb4 Ke6 31. Kf1 Bb2 32. Ke1 Ba3 33. Nd3 Kd5 34. Bd2 Kc4 35. Nf4 b4 36. Ne2 Nxe2 37. Kxe2 b3 38. Kd1 Kd3 39. f4 b2 40. Bc1 b1=Q 41. Ke1 Qxc1+ 0-1


[Site "https://www.chess.com"]

[Event "Titled Tuesday Blitz November 14 Late 2023"]
[White "Chemin, Justo Reinaldo"]
[Black "Hoffmann, Asa"]
[WhiteFideId "2101580"]
[BlackFideId "2001470"]
[WhiteElo "2211"]
[BlackElo "2400"]
[Result "0-1"]
[Round "3"]
[TimeControl "180+1"]
[Date "2023.11.14"]
[WhiteClock "0:00:15"]
[BlackClock "0:00:31"]
[Board "157"]

1. d4 Nf6 2. c4 c5 3. Nf3 cxd4 4. Nxd4 e5 5. Nb5 d5 6. cxd5 Bb4+ 7. Bd2 Bc5 8. N5c3 Bf5 9. e3 Nbd7 10. Bb5 O-O 11. O-O e4 12. a3 Rc8 13. b4 Bd6 14. Bxd7 Qxd7 15. Ne2 Qe7 16. Ng3 Bg4 17. Qb3 h5 18. Bc3 h4 19. Bxf6 Qxf6 20. Nxe4 Qxa1 21. Nxd6 Rcd8 22. Ne4 Qe5 23. Nbd2 Rxd5 24. f4 Qe6 25. Ng5 Qd7 26. Nde4 Rd3 27. Qc4 Rxe3 28. Nc5 Qe7 29. Qd4 Rd8 30. Qc4 Be2 31. Qc2 g6 32. Re1 Bd3 33. Nxd3 Rxe1+ 34. Kf2 Qe3# 0-1


[Site "https://www.chess.com"]

[Event "Titled Tuesday Blitz November 14 Late 2023"]
[White "Kujawski, Adam"]
[Black "Broca Jimenez, Fernando"]
[WhiteFideId "1100920"]
[BlackFideId "5104742"]
[WhiteElo "2399"]
[BlackElo "2208"]
[Result "1-0"]
[Round "3"]
[TimeControl "180+1"]
[Date "2023.11.14"]
[WhiteClock "0:00:09"]
[BlackClock "0:00:00"]
[Board "158"]

1. e4 c5 2. Nf3 g6 3. c3 Bg7 4. d4 cxd4 5. cxd4 d5 6. exd5 Nf6 7. Bb5+ Nbd7 8. d6 exd6 9. Qe2+ Qe7 10. Qxe7+ Kxe7 11. Nc3 a6 12. Bc4 Nb6 13. Bb3 Be6 14. Bxe6 fxe6 15. Bg5 Rac8 16. O-O-O h6 17. Bxf6+ Bxf6 18. Rhe1 d5 19. Re2 Rc6 20. Rde1 Rhc8 21. Kb1 Kf7 22. g4 Nc4 23. Na4 b6 24. h4 Bg7 25. h5 g5 26. a3 Na5 27. Nc3 Nc4 28. Nd1 b5 29. Ne3 Nxe3 30. fxe3 Ke7 31. Nd2 Rf8 32. Rf1 Rxf1+ 33. Nxf1 e5 34. Ng3 exd4 35. Nf5+ 1-0


[Site "https://www.chess.com"]

[Event "Titled Tuesday Blitz November 14 Late 2023"]
[White "Darko-Dimitrijevic"]
[Black "Kubatko, Ivan"]
[BlackFideId "24111473"]
[WhiteElo "2203"]
[BlackElo "2398"]
[Result "0-1"]
[Round "3"]
[TimeControl "180+1"]
[Date "2023.11.14"]
[WhiteClock "0:01:56"]
[BlackClock "0:00:51"]
[Board "159"]

1. e4 d5 2. exd5 Qxd5 3. d4 e5 4. dxe5 Qxd1+ 5. Kxd1 Nc6 6. f4 Bg4+ 7. Be2 O-O-O+ 8. Bd2 Nh6 9. h3 Bxe2+ 10. Nxe2 Nf5 11. g4 Ne3+ 12. Kc1 Nc4 13. b3 Nxd2 14. Nxd2 Ba3+ 15. Kd1 Nd4 16. c3 Nf3 17. Nd4 Nxd2 18. Kxd2 c5 19. Kd3 cxd4 20. cxd4 Bb2 0-1


[Site "https://www.chess.com"]

[Event "Titled Tuesday Blitz November 14 Late 2023"]
[White "Ferrufino, Boris"]
[Black "Marchesich, Giovanni"]
[WhiteFideId "3300170"]
[BlackFideId "2824790"]
[WhiteElo "2184"]
[BlackElo "2397"]
[Result "0-1"]
[Round "3"]
[TimeControl "180+1"]
[Date "2023.11.14"]
[WhiteClock "0:01:53"]
[BlackClock "0:01:16"]
[Board "160"]

1. e4 e5 2. d4 exd4 3. Qxd4 Nc6 4. Qe3 Nf6 5. Nc3 Bb4 6. Bd2 O-O 7. O-O-O Re8 8. Bc4 d6 9. f3 Ne5 10. Bb3 a5 11. a3 Bc5 12. Qg5 Be6 13. Bxe6 fxe6 14. Nge2 Nf7 15. Qg3 Qe7 16. Bg5 Nxg5 17. Qxg5 e5 18. Ng3 Nd5 19. Qd2 Be3 20. Nxd5 Bxd2+ 21. Rxd2 Qf7 22. Rhd1 Rad8 23. Nf5 Kh8 24. Kb1 g6 25. Nfe3 c6 26. Nc3 Qe6 27. b3 b5 28. a4 b4 29. Ne2 Re7 30. Nc4 Red7 31. Nxa5 d5 32. exd5 Rxd5 33. Rxd5 Rxd5 34. Rxd5 cxd5 35. Nc6 Qxc6 0-1


[Site "https://www.chess.com"]

[Event "Titled Tuesday Blitz November 14 Late 2023"]
[White "campochess"]
[Black "Nunez V, Gustavo Eduardo"]
[BlackFideId "4403690"]
[WhiteElo "2183"]
[BlackElo "2396"]
[Result "1-0"]
[Round "3"]
[TimeControl "180+1"]
[Date "2023.11.14"]
[WhiteClock "0:00:29"]
[BlackClock "0:00:05"]
[Board "161"]

1. Nf3 Nf6 2. b3 e6 3. Bb2 Be7 4. g3 O-O 5. Bg2 d5 6. O-O c5 7. c4 b6 8. d4 Bb7 9. Ne5 Nc6 10. cxd5 exd5 11. dxc5 bxc5 12. Nd3 Rb8 13. Nd2 Re8 14. Rc1 Qb6 15. Nf4 Rbd8 16. Qc2 Nb4 17. Qb1 d4 18. Nc4 Qc7 19. Bxb7 Qxb7 20. a3 Nbd5 21. Nxd5 Nxd5 22. Qc2 Rb8 23. Nd2 Rec8 24. Rb1 h6 25. Rfc1 a6 26. Qf5 Rd8 27. Ba1 Re8 28. Qf3 Qd7 29. Nc4 Nf6 30. Ne5 Qe6 31. Nd3 Bd6 32. Rc2 Rb5 33. a4 Rxb3 34. Rxb3 Qxb3 35. Rb2 Qd1+ 36. Kg2 Qxa1 37. Rb6 Bf8 38. Rxa6 Qc3 39. Rxf6 gxf6 40. Qg4+ Bg7 41. Nf4 d3 42. Nxd3 Ra8 43. Qe4 Qd4 44. Qxa8+ Kh7 45. Qa6 c4 46. Nf4 Qe4+ 47. f3 Qf5 48. Qxc4 Qd7 49. Qd3+ Kg8 50. Qxd7 1-0


[Site "https://www.chess.com"]

[Event "Titled Tuesday Blitz November 14 Late 2023"]
[White "Jamal-Jamal-Jamal"]
[Black "Curtis, John"]
[BlackFideId "3200256"]
[WhiteElo "2392"]
[BlackElo "2173"]
[Result "1-0"]
[Round "3"]
[TimeControl "180+1"]
[Date "2023.11.14"]
[WhiteClock "0:00:15"]
[BlackClock "0:00:00"]
[Board "162"]

1. e4 e6 2. d4 d5 3. Bd3 dxe4 4. Bxe4 Nf6 5. Bf3 c5 6. Ne2 Nc6 7. Be3 Nd5 8. Bxd5 Qxd5 9. Nbc3 Qxg2 10. Rg1 Qxh2 11. Nb5 a6 12. Bf4 Qxg1+ 13. Nxg1 axb5 14. Nf3 f6 15. d5 exd5 16. Qxd5 Bg4 17. Qe4+ Kf7 18. O-O-O Re8 19. Qd5+ Be6 20. Qh5+ g6 21. Qh2 h5 22. Kb1 Bg4 23. Qg3 Be7 24. a3 Rd8 25. Re1 Rhe8 26. Rg1 Nd4 27. Nxd4 Rxd4 28. Be3 Rd7 29. Qf4 Bf5 30. Qh6 Bf8 31. Qh7+ Ke6 32. Qg8+ Kd6 33. Rd1+ Kc6 34. Rxd7 Kxd7 35. Qf7+ Be7 36. Qg7 Ke6 37. Qh6 1-0


[Site "https://www.chess.com"]

[Event "Titled Tuesday Blitz November 14 Late 2023"]
[White "Mariia89"]
[Black "Pein, Jonathan"]
[BlackFideId "417092"]
[WhiteElo "2170"]
[BlackElo "2390"]
[Result "0-1"]
[Round "3"]
[TimeControl "180+1"]
[Date "2023.11.14"]
[WhiteClock "0:00:11"]
[BlackClock "0:00:17"]
[Board "163"]

1. d4 d6 2. Nf3 Nf6 3. c4 g6 4. Nc3 Bg7 5. e4 O-O 6. Be2 e5 7. O-O exd4 8. Nxd4 Re8 9. Bf3 Nbd7 10. Re1 Ne5 11. Be2 Nc6 12. Nxc6 bxc6 13. Bf1 Ng4 14. h3 Ne5 15. f4 Nd7 16. Be3 Rb8 17. Qd2 c5 18. Bf2 Bb7 19. Bd3 Bc6 20. Rad1 Qf6 21. g4 a5 22. g5 Qd8 23. b3 a4 24. Nxa4 Bxa4 25. bxa4 Rb2 26. Qe3 Bd4 27. Qf3 Rxf2 28. Qxf2 Bxf2+ 29. Kxf2 Qa8 30. Bc2 Nb6 31. e5 dxe5 32. fxe5 Nxc4 33. Rd7 Nxe5 34. Rxc7 Qf3+ 35. Kg1 Qg3+ 36. Kh1 Qxe1+ 37. Kg2 Qd2+ 0-1


[Site "https://www.chess.com"]

[Event "Titled Tuesday Blitz November 14 Late 2023"]
[White "ThePeasant98"]
[Black "Zakarian, David"]
[BlackFideId "13301276"]
[WhiteElo "2159"]
[BlackElo "2388"]
[Result "0-1"]
[Round "3"]
[TimeControl "180+1"]
[Date "2023.11.14"]
[WhiteClock "0:00:12"]
[BlackClock "0:01:25"]
[Board "164"]

1. d4 Nf6 2. c4 c5 3. d5 Ne4 4. Qd3 Qa5+ 5. Nd2 Nd6 6. Nf3 g6 7. g3 Bg7 8. Bg2 O-O 9. O-O b5 10. cxb5 Qxb5 11. Qxb5 Nxb5 12. Nc4 Ba6 13. Bg5 Re8 14. Nfd2 d6 15. Rac1 Nd4 16. Rfe1 h6 17. Bf4 g5 18. Be3 Nf5 19. g4 Nxe3 20. fxe3 Nd7 21. b3 Nf6 22. Rf1 Nxg4 23. Rf3 Ne5 24. Nxe5 Bxe5 25. Nc4 Bf6 26. e4 Bxc4 27. bxc4 Reb8 28. Rb3 a5 29. Rcb1 Rb4 30. Rc1 Rxb3 31. axb3 Rb8 0-1


[Site "https://www.chess.com"]

[Event "Titled Tuesday Blitz November 14 Late 2023"]
[White "Tsukerman, Julia"]
[Black "hristos03"]
[WhiteFideId "2621649"]
[WhiteElo "2148"]
[BlackElo "2387"]
[Result "0-1"]
[Round "3"]
[TimeControl "180+1"]
[Date "2023.11.14"]
[WhiteClock "0:00:00"]
[BlackClock "0:00:14"]
[Board "165"]

1. e4 c5 2. Nf3 d6 3. d4 cxd4 4. Nxd4 Nf6 5. Nc3 a6 6. Be3 e5 7. Nb3 Be6 8. f3 h5 9. Qd2 Nbd7 10. O-O-O Rc8 11. Kb1 g6 12. h3 b5 13. Be2 Nb6 14. Bxb6 Qxb6 15. Rhe1 h4 16. Nd5 Bxd5 17. exd5 Bh6 18. Qa5 Qxa5 19. Nxa5 Kd7 20. c4 b4 21. Nc6 Rxc6 22. dxc6+ Kxc6 23. b3 Be3 24. Rd3 Bd4 25. Red1 Kc5 26. Kc2 Nh5 27. Rxd4 exd4 28. Bd3 Re8 29. Be4 Nf4 30. Rd2 f5 31. Bd3 Re1 32. Rf2 Rc1+ 33. Kd2 Ra1 0-1


[Site "https://www.chess.com"]

[Event "Titled Tuesday Blitz November 14 Late 2023"]
[White "Real_taiatai"]
[Black "Orphanator2009"]
[WhiteElo "2381"]
[BlackElo "2145"]
[Result "1-0"]
[Round "3"]
[TimeControl "180+1"]
[Date "2023.11.14"]
[WhiteClock "0:00:22"]
[BlackClock "0:00:07"]
[Board "166"]

1. e4 c5 2. Nf3 d6 3. Bb5+ Bd7 4. Bxd7+ Nxd7 5. d3 g6 6. O-O Bg7 7. Nc3 Ngf6 8. Ng5 O-O 9. f4 e6 10. Qe1 a6 11. f5 exf5 12. exf5 d5 13. Qh4 d4 14. Nce4 h6 15. fxg6 fxg6 16. Ne6 g5 17. Qh3 Qe7 18. Nxf8 Rxf8 19. Nxf6+ Nxf6 20. Bd2 Qe2 21. Rf2 Qe5 22. Re1 Qd5 23. Qf5 Qxa2 24. Re7 Qxb2 25. h4 g4 26. Qg6 Qb1+ 27. Rf1 Qxf1+ 28. Kxf1 Nd5+ 29. Kg1 Nxe7 30. Qxg4 Rf7 31. Bxh6 Kh7 32. Bxg7 Rxg7 33. Qe4+ Kh6 34. Qxb7 Nf5 35. Qxa6+ Rg6 36. Qa8 Nxh4 37. Qh8+ Kg5 38. Qe5+ Kh6 39. Qf4+ Kh5 40. g3 Rg4 41. Qe5+ Kh6 42. Qh8+ Kg5 43. Kf2 Nf5 44. Qg8+ Kh5 45. Qf7+ Kg5 46. Qg8+ Kh5 47. Qf8 Kg5 48. Qxc5 Rxg3 49. Qe5 Re3 50. Qh8 Kf4 51. Qh2+ Kg4 52. Qg2+ Kf4 53. Qg8 Ke5 54. Qc4 Kf4 55. c3 Ke5 56. cxd4+ Kd6 57. Qc5+ Ke6 58. Qxf5+ Kxf5 59. Kxe3 1-0


[Site "https://www.chess.com"]

[Event "Titled Tuesday Blitz November 14 Late 2023"]
[White "Melikhov, Evgeny V."]
[Black "Dahlgren, James Allen"]
[WhiteFideId "4122046"]
[BlackFideId "22256873"]
[WhiteElo "2377"]
[BlackElo "2140"]
[Result "1-0"]
[Round "3"]
[TimeControl "180+1"]
[Date "2023.11.14"]
[WhiteClock "0:01:27"]
[BlackClock "0:00:48"]
[Board "167"]

1. d4 e6 2. c4 c5 3. d5 d6 4. Nc3 f5 5. e4 e5 6. f4 Nf6 7. fxe5 dxe5 8. exf5 Bxf5 9. Nf3 Bd6 10. Ng5 O-O 11. Bd3 e4 12. O-O exd3 13. Rxf5 Bxh2+ 14. Kxh2 Nbd7 15. Ne6 1-0


[Site "https://www.chess.com"]